 Dungeon Crawl Stone Soup version 0.25.1-9-gc5326a611f (webtiles) character file.

Game seed: 4681762074120041693

19786 Johnny the Geomancer (level 12, -3/72 HPs)
             Began as a Deep Elf Earth Elementalist on Mar 13, 2021.
             Was a Priest of Dithmenos.
             Slain by a red ugly thing (22 damage)
             ... on level 12 of the Dungeon.
             The game lasted 00:21:28 (17774 turns).

Johnny the Geomancer (Deep Elf Earth Elementalist) Turns: 17774, Time: 00:21:29

Health: -3/72      AC: 14    Str:  5    XL:     12   Next: 39%
Magic:  5/31       EV: 13    Int: 32    God:    Dithmenos [***...]
Gold:   414        SH:  5    Dex: 15    Spells: 24/37 levels left

rFire    . . .     SeeInvis .   Z - +8 mace "Uqeutho" {pain, rPois Int+6}
rCold    . . .     Gourm    .   X - +0 buckler
rNeg     . . .     Faith    .   F - +2 robe {Archmagi}
rPois    +         Spirit   .   v - +0 helmet of Compression {rElec rPois MR+}
rElec    +         Reflect  .   x - +1 cloak
rCorr    .         Harm     .   Q - +1 pair of gloves
MR       +++..                  L - +0 pair of boots
Stlth    ++++++....             (no amulet)
HPRegen  0.22/turn              o - ring of protection from magic
MPRegen  0.22/turn              n - +4 ring of protection

@: wreathed by umbra
A: no striking features
a: Shadow Step, Renounce Religion


You were on level 12 of the Dungeon.
You worshipped Dithmenos.
Dithmenos was most pleased with you.
You were not hungry.

You visited 2 branches of the dungeon, and saw 13 of its levels.
You also visited: Ossuary.

You collected 838 gold pieces.
You spent 424 gold pieces at shops.

Inventory:

Hand Weapons
 Z - the +8 mace "Uqeutho" (weapon) {pain, rPois Int+6}
   (You found it on level 11 of the Dungeon)

   In the hands of one skilled in necromantic magic, it inflicts extra damage on
   living creatures.
   It affects your intelligence (+6).
   It protects you from poison.
Missiles
 w - 176 stones (quivered)
Armour
 a - the +10 tower shield of Ignorance {rN+ Int-4}
   (You found it on level 11 of the Dungeon)

   It affects your intelligence (-4).
   It protects you from negative energy.
 v - the +0 helmet of Compression (worn) {rElec rPois MR+}
   (You took it off Robin on level 4 of the Dungeon)

   It insulates you from electricity.
   It protects you from poison.
   It affects your resistance to hostile enchantments.
 x - a +1 cloak (worn)
 F - a +2 robe of the Archmagi (worn)
 L - a +0 pair of boots (worn)
 Q - a +1 pair of gloves (worn)
 X - a +0 buckler (worn)
Jewellery
 c - the ring of Toczul {Ice MR++}
   (You found it on level 6 of the Dungeon)

   [ring of ice]

   It enhances your ice magic.
   It makes you vulnerable to fire.
   It protects you from cold.
   It affects your resistance to hostile enchantments.
 m - an uncursed ring of fire
 n - a +4 ring of protection (right hand)
 o - a ring of protection from magic (left hand)
 S - an uncursed ring of flight
Wands
 y - a wand of flame (64)
 D - a wand of random effects (36)
 H - a wand of clouds (6)
 J - a wand of digging (1)
 K - a wand of iceblast (8)
 M - a wand of polymorph (8)
 W - a wand of acid (5)
Scrolls
 g - 9 scrolls of remove curse
 h - 7 scrolls of teleportation
 i - 2 scrolls of fog
 r - 2 scrolls of magic mapping
 s - a scroll of enchant armour {unknown}
 B - 2 scrolls of brand weapon {unknown}
 G - 6 scrolls of noise {unknown}
 I - 2 scrolls of amnesia {unknown}
 N - a scroll of fear {unknown}
 O - a scroll of immolation {unknown}
 P - a scroll of enchant weapon {unknown}
Potions
 b - 4 potions of stabbing
 e - 5 potions of ambrosia
 f - a potion of brilliance
 j - 9 potions of curing
 k - 4 potions of flight
 p - a potion of might
 q - a potion of cancellation {unknown}
 t - 2 potions of mutation
 u - a potion of resistance
 z - 2 potions of heal wounds
 A - 2 potions of magic
 C - a potion of haste {unknown}
 T - a potion of lignification
 U - a potion of degeneration {unknown}
 V - 2 potions of berserk rage
Comestibles
 d - 19 rations
 l - 5 chunks of flesh


   Skills:
 * Level 7.0 Fighting
 - Level 2.4 Dodging
 + Level 8.6 Stealth
 + Level 4.3 Shields
 + Level 13.1 Spellcasting
 - Level 1.1 Transmutations
 - Level 14.7 Earth Magic


You had 24 spell levels left.
You knew the following spells:

 Your Spells              Type           Power        Failure   Level  Hunger
a - Sandblast             Erth           ######       0%          1    None
b - Stone Arrow           Conj/Erth      ######       1%          3    None
c - Lee's Rapid Deconstr  Erth           ########..   1%          5    None
d - Petrify               Tmut/Erth      #######.     1%          4    None

Your spell library contained the following spells:

 Spells                   Type           Power        Failure   Level  Hunger
 Passwall                 Tmut/Erth      #######.     1%          2    None
 Corona                   Hex            ####...      2%          1    None
 Inner Flame              Hex/Fire       ####....     7%          3    None
 Spectral Weapon          Hex/Chrm       ####....     7%          3    None
 Animate Dead             Necr           N/A          22%         4    None
 Excruciating Wounds      Chrm/Necr      ####......   52%         5    None


Dungeon Overview and Level Annotations

Branches:
Dungeon (12/15)            Temple (1/1) D:6            Lair (0/6) D:8
    Orc (0/2) D:9         Ossuary (visited)

Altars:
Ashenzari
Cheibriados
Dithmenos
Elyvilon
Fedhas
Gozag
Hepliaklqana
Kikubaaqudgha
Makhleb
Nemelex Xobeh
Okawaru
Qazlal
Ru
Sif Muna
Trog
Uskayaw
Vehumet
Wu Jian
Xom
Yredelemnul
Zin
The Shining One

Shops:
D:5 }((   D:7 [   D:8 !

Annotations:
D:4 3 runed translucent doors, lasso's ghost, amateur MiFi
D:6 1 runed translucent door, lenfi's ghost, novice TrMo


Message History

Aiming: Stone Arrow (safe; 1% risk of failure)
Press: ? - help, Shift-Dir - straight line, f/p - red ugly thing
Aim: a red ugly thing (severely wounded, umbra)
You feel a surge of power!
The stone arrow hits the red ugly thing.
The red ugly thing is severely wounded.
The red ugly thing kicks you.
You are engulfed in flames!!
Casting: Stone Arrow (safe; 1% risk of failure)
Confirm with . or Enter, or press ? or * to list all spells.
Aiming: Lee's Rapid Deconstruction (safe; 1% risk of failure)
Press: ? - help, Dir - move target cursor, p - red ugly thing A rock wall.
This square is wreathed by an umbra.
You feel a surge of power!
The wall shatters!
The blast of rock fragments hits the red ugly thing!!
The red ugly thing is almost dead.
The red ugly thing kicks you.
* * * LOW HITPOINT WARNING * * *
You are engulfed in flames!!
You die...

.........######'########....#
............................#
............................#
............................#
............................#
#####..#######..............####
#..# #..................
##..#.....#.................##
#...#.....#..@..........#####.
###.#.....#...u#######..'.....
#.#.....#....'.....#..#.....
##.#.....#....#.....#..+.....
#..#.....'....+.....#..#.....
#..#.....#....#.....#..#.....
#..#.....'....#.....#..#.....
#..#.....#....#.....#.##.....
#..#....>#....#.....#.#......


You could see a red ugly thing.

Vanquished Creatures
  2 hydras (D:11)
  A catoblepas (D:11)
  6 two-headed ogres
  Pikel (D:6)
  An ugly thing (D:12)
  4 cyclopes (D:11)
  A wolf spider (D:11)
  A manticore (D:12)
  Psyche (D:10)
  Joseph (D:8)
  A gargoyle (D:12)
  A yaktaur (shapeshifter) (D:11)
  A yaktaur (D:11)
  A freezing wraith (D:11)
  2 trolls (D:11)
  7 slime creatures
  2 hippogriffs (D:10)
  A shadow (D:11)
  A wyvern (D:8)
  Eustachio (D:4)
  3 yaks (D:12)
  2 vampire mosquitoes (D:12)
  3 black bears
  An eye of draining (D:12)
  2 orc warriors (D:10)
  4 ice beasts
  2 sky beasts
  A slave (D:6)
  A necrophage (D:10)
  2 phantoms
  8 ogres
  6 centaurs
  2 big kobolds
  An elf zombie (Ossuary)
  A gnoll sergeant (D:10)
  12 bullfrogs
  A wyvern zombie (D:10)
  9 scorpions
  3 killer bees (D:11)
  2 howler monkeys
  4 wights (D:12)
  5 jellies
  9 crimson imps
  A quasit (D:11)
  2 centaur zombies
  3 hounds
  3 human zombies (Ossuary)
  A bullfrog zombie (D:5)
  6 orc priests
  3 orc wizards
  2 iguanas
  3 worker ants
  A statue (D:8)
  A killer bee zombie (D:6)
  2 hound zombies (D:5)
  2 hound skeletons (D:4)
  2 mummies (Ossuary)
  A worker ant zombie (D:11)
  Robin (D:4)
  11 gnolls
  6 adders
  3 shadow imps
  3 adder zombies
  5 worms
  2 dart slugs
  6 leopard geckos
  24 orcs
  A ball python (D:5)
  5 giant cockroaches
  18 goblins
  15 hobgoblins
  5 jackals
  12 kobolds
  5 quokkas
  8 bats
  2 frilled lizards
  2 goblin zombies (Ossuary)
  11 hobgoblin zombies (Ossuary)
  A jackal zombie (Ossuary)
  9 kobold zombies (Ossuary)
  7 orc zombies (Ossuary)
  7 rats (D:1)
  A rat zombie (Ossuary)
324 creatures vanquished.

Vanquished Creatures (others)
  2 slaves (D:6)
  A centaur (D:6)
  Blork the orc (D:6)
  A leopard gecko (D:6)
5 creatures vanquished.

Grand Total: 329 creatures vanquished

Notes
Turn   | Place    | Note
-------+----------+-------------------------------------------
     0 | D:1      | Johnny the Deep Elf Earth Elementalist began the quest for
                  | the Orb.
     0 | D:1      | Reached XP level 1. HP: 10/10 MP: 6/6
   391 | D:1      | Reached XP level 2. HP: 8/15 MP: 6/8
   804 | D:1      | Reached skill level 4 in Earth Magic
  1499 | D:1      | Reached XP level 3. HP: 18/19 MP: 10/10
  2231 | D:2      | Found an ancient bone altar of Kikubaaqudgha.
  3287 | D:3      | Reached XP level 4. HP: 24/24 MP: 12/12
  3645 | D:2      | Learned a level 3 spell: Stone Arrow
  3766 | D:3      | Noticed a black bear
  3804 | D:3      | Killed a black bear
  3804 | D:3      | Reached skill level 5 in Earth Magic
  3804 | D:3      | Reached XP level 5. HP: 27/28 MP: 14/14
  4558 | D:4      | Found a sand-covered staircase.
  4567 | Ossuary  | Entered an ossuary
  4742 | Ossuary  | Reached skill level 6 in Earth Magic
  4747 | Ossuary  | Reached skill level 5 in Spellcasting
  5060 | Ossuary  | Reached XP level 6. HP: 13/32 MP: 3/15
  5691 | Ossuary  | Reached skill level 7 in Earth Magic
  5955 | D:4      | Noticed lasso's ghost (amateur MiFi)
  5956 | D:4      | Found a runed translucent gate.
  5956 | D:4      | Found a runed translucent gate.
  5957 | D:4      | Found a runed translucent gate.
  5963 | D:4      | Identified the +0 helmet of Compression {rElec rPois MR+}
  5963 | D:4      | Noticed Robin
  5988 | D:4      | Killed Robin
  6125 | D:4      | Noticed Eustachio
  6175 | D:4      | Killed Eustachio
  6175 | D:4      | Reached XP level 7. HP: 17/36 MP: 1/18
  6732 | D:4      | Reached skill level 8 in Earth Magic
  7046 | D:4      | Found an ornate altar of the Wu Jian Council.
  7273 | D:5      | Entered Level 5 of the Dungeon
  7550 | D:5      | Found Rehuhiti's Weapon Boutique.
  7597 | D:5      | Bought 23 stones for 23 gold pieces
  7597 | D:5      | Bought 20 stones for 20 gold pieces
  7597 | D:5      | Bought 22 stones for 22 gold pieces
  7597 | D:5      | Bought 26 stones for 26 gold pieces
  7616 | D:5      | Found Uczoifomo's Gadget Boutique.
  7805 | D:5      | Found a hide-covered altar of Uskayaw.
  7807 | D:5      | Found a sparkling altar of Nemelex Xobeh.
  7870 | D:5      | Found Anlevuiz's Antique Weapon Emporium.
  7923 | D:5      | Found Gib Roips's Magic Scroll Boutique.
  8126 | D:6      | Noticed Pikel
  8358 | D:5      | Learned a level 5 spell: Lee's Rapid Deconstruction
  8363 | D:5      | Learned a level 4 spell: Petrify
  8375 | D:6      | Killed Pikel
  8375 | D:6      | Reached skill level 9 in Earth Magic
  8375 | D:6      | Reached XP level 8. HP: 19/41 MP: 12/22
  8528 | D:6      | Killed Blork the orc
  8565 | D:6      | Reached skill level 10 in Earth Magic
  8793 | D:6      | Got an ancient golden ring
  8842 | D:6      | Found a runed translucent door.
  9025 | D:6      | Found a staircase to the Ecumenical Temple.
  9057 | Temple   | Entered the Ecumenical Temple
  9059 | Temple   | Identified the ring of Toczul {Ice MR++} (You found it on
                  | level 6 of the Dungeon)
  9154 | Temple   | Became a worshipper of Dithmenos the Shadowed
  9253 | D:6      | Noticed lenfi's ghost (novice TrMo)
  9478 | D:7      | Reached skill level 1 in Fighting
  9511 | D:7      | Reached XP level 9. HP: 45/47 MP: 19/24
  9801 | D:7      | Found Pemeewn's Armour Boutique.
  9808 | D:7      | Bought a +0 pair of boots for 67 gold pieces
  9968 | D:7      | Reached skill level 11 in Earth Magic
 10602 | D:7      | Found a glowing golden altar of the Shining One.
 10825 | D:8      | Found Zinuoplo's Distillery.
 10828 | D:8      | Bought a potion of heal wounds for 70 gold pieces
 10828 | D:8      | Bought a potion of curing for 42 gold pieces
 10828 | D:8      | Bought a potion of mutation for 112 gold pieces
 10828 | D:8      | Bought a potion of flight for 42 gold pieces
 10844 | D:8      | Noticed a two-headed ogre
 11117 | D:8      | Killed a two-headed ogre
 11117 | D:8      | Reached skill level 10 in Spellcasting
 11247 | D:8      | Found a radiant altar of Vehumet.
 11251 | D:8      | Reached skill level 12 in Earth Magic
 11340 | D:8      | Noticed Joseph
 11419 | D:8      | Killed Joseph
 11677 | D:8      | Got a pitted quarterstaff
 11678 | D:8      | Identified the cursed +0 quarterstaff "Newtslayer" {drain,
                  | Int+3} (You found it on level 8 of the Dungeon)
 11706 | D:8      | Reached XP level 10. HP: 53/56 MP: 26/26
 11970 | D:8      | Found a staircase to the Lair.
 12161 | D:9      | Reached * piety under Dithmenos
 12332 | D:9      | Found a staircase to the Orcish Mines.
 12890 | D:10     | Entered Level 10 of the Dungeon
 12892 | D:10     | Noticed a two-headed ogre
 12893 | D:10     | Found a shimmering blue altar of Sif Muna.
 12905 | D:10     | Killed a two-headed ogre
 13077 | D:10     | Reached skill level 13 in Earth Magic
 13928 | D:10     | Noticed Psyche
 13931 | D:10     | Killed Psyche
 14023 | D:11     | Noticed a two-headed ogre
 14032 | D:11     | Killed a two-headed ogre
 14032 | D:11     | Reached skill level 5 in Stealth
 14032 | D:11     | Reached skill level 1 in Shields
 14043 | D:11     | Noticed a cyclops
 14197 | D:11     | Killed a cyclops
 14197 | D:11     | Reached XP level 11. HP: 62/62 MP: 17/28
 14353 | D:11     | Reached ** piety under Dithmenos
 14396 | D:11     | Noticed a two-headed ogre
 14409 | D:11     | Killed a two-headed ogre
 14409 | D:11     | Reached skill level 5 in Fighting
 14569 | D:11     | Noticed a seven-headed hydra
 15100 | D:11     | Reached skill level 14 in Earth Magic
 15325 | D:11     | Noticed a wolf spider
 15328 | D:11     | Killed a wolf spider
 15333 | D:11     | Noticed a catoblepas
 15335 | D:11     | Killed a seven-headed hydra
 15349 | D:11     | Killed a catoblepas
 15707 | D:11     | Noticed a four-headed hydra
 15712 | D:11     | Killed a four-headed hydra
 15988 | D:11     | Found the +10 tower shield of Ignorance {rN+ Int-4}
 15993 | D:11     | Identified the Papyrus of Evil Bewitchment
 15997 | D:11     | Got a slimy mace
 16003 | D:11     | Identified the +8 mace "Uqeutho" {pain, rPois Int+6} (You
                  | found it on level 11 of the Dungeon)
 16170 | D:11     | Reached *** piety under Dithmenos
 16363 | D:12     | Noticed a red ugly thing
 16369 | D:12     | Reached XP level 12. HP: 61/70 MP: 21/30
 16524 | D:12     | Noticed a two-headed ogre
 16531 | D:12     | Killed a two-headed ogre
 17533 | D:12     | Noticed a two-headed ogre
 17538 | D:12     | Killed a two-headed ogre
 17774 | D:12     | Slain by a red ugly thing

Illustrated notes

Levels and vault maps discovered:
D:1:      minmay_arrival_diagonal_passages, layout_basic,
          kennysheep_decorative_pillar
D:2:      layout_basic, nicolae_overflow_crystal_walls,
          chequers_serial_rivers_large_a
D:3:      layout_basic, first_ration, minmay_splitting_lines,
          lightli_corner_chamber
D:4:      layout_loops_ring, kennysheep_mini, enter_ossuary_1,
          ebering_ghost_rock_garden, uniq_eustachio, uniq_robin
D:5:      layout_loops_ring, minitemple, serial_shops, shop, shop,
          shop_fountains, nicolae_shop_trees
D:6:      layout_rooms, minmay_temple_entry_crystal_x,
          ebering_ghost_reflecting_pool, uniq_blork_the_orc, uniq_pikel
D:7:      layout_loops_corners, marbit_many_paths, serial_shops, shop
D:8:      layout_basic, vehumet_statue, lair_entry_dummy, serial_shops,
          nicolae_shop_behind_doors, uniq_joseph
D:9:      layout_roguey, orc_0_dummy
D:10:     layout_rooms, basic_altar, uniq_psyche
D:11:     minmay_the_grid_triangle_9x9_rhombus_full_mashed
          [minmay_the_grid_triangle_9x9_impossible_snake,
          minmay_the_grid_triangle_9x9_dagger,
          minmay_the_grid_triangle_9x9_corruption,
          minmay_the_grid_triangle_9x9_cache,
          minmay_the_grid_triangle_9x9_warning,
          minmay_the_grid_triangle_9x9_zippers_vertical,
          minmay_the_grid_triangle_9x9_alien,
          minmay_the_grid_triangle_9x9_prize_center], layout_basic
D:12:     layout_irregular_city
Temple:   lightli_temple_of_artemis

Skill      XL: |  1  2  3  4  5  6  7  8  9 10 11 12 |
---------------+-------------------------------------+-----
Earth Magic    | 4 5 6 7 9 10 12 13 14 | 14.7
Spellcasting   | 4 5 6 8 9 10 11 12 13 | 13.1
Fighting       | 1 3 4 6 7 |  7.0
Stealth        | 5 7 8 |  8.6
Shields        | 1 3 4 |  4.3
Dodging        | |  2.4
Transmutations | |  1.1

Action                   |  1- 3 |  4- 6 |  7- 9 | 10-12 || total
-------------------------+-------+-------+-------+-------++-------
Melee: Short sword       |    87 |   313 |       |       ||   400
       Unarmed           |     2 |       |       |       ||     2
       Spear             |       |    27 |    63 |       ||    90
       Whip              |       |       |    96 |       ||    96
       Quarterstaff      |       |       |     6 |    23 ||    29
       Mace              |       |       |       |    10 ||    10
 Cast: Sandblast         |    42 |     2 |    33 |    53 ||   130
       Stone Arrow       |       |    49 |    50 |   129 ||   228
       Lee's Rapid Decon |       |       |     6 |    49 ||    55
       Petrify           |       |       |       |     4 ||     4
Evoke: Wand              |       |    11 |       |     7 ||    18
  Use: Potion            |       |     5 |     1 |       ||     6
       Scroll            |       |       |    13 |     6 ||    19
 Stab: Sleeping          |     7 |     2 |     5 |     1 ||    15
       Paralysed         |       |     8 |       |       ||     8
       Distracted        |       |       |       |     2 ||     2
  Eat: Chunk             |     7 |     1 |    12 |    18 ||    38
       Ration            |       |     3 |     2 |     1 ||     6
Armor: Robe              |    12 |    90 |    65 |    32 ||   199
       Skin              |       |    71 |       |       ||    71
Dodge: Dodged            |    78 |   258 |   113 |    77 ||   526
Block: Buckler           |       |       |       |     4 ||     4
